 Dungeon Crawl Stone Soup version 0.24-a0-537-g2d01d4a (console) character file.

Game seed: 12874386945685040306

1632 vegansnacktivist the Cleaver (level 8, -1/76 HPs)
             Began as a Deep Dwarf Fighter on Aug 15, 2019.
             Was a Follower of Makhleb.
             Killed from afar by a gargoyle (20 damage)
             ... with a stone arrow
             ... on level 6 of the Dungeon.
             The game lasted 00:08:52 (3926 turns).

vegansnacktivist the Cleaver (Deep Dwarf Fighter)   Turns: 3926, Time: 00:08:52

Health: -1/76      AC:  9    Str: 21    XL:     8   Next: 66%
Magic:  4/4        EV:  9    Int: 10    God:    Makhleb [*.....]
Gold:   291        SH:  9    Dex: 12    Spells: 7/7 levels left

rFire    . . .     SeeInvis .   x - +3 hand axe
rCold    . . .     Gourm    .   c - +0 shield
rNeg     . . .     Faith    .   b - +0 scale mail
rPois    .         Spirit   .   (no helmet)
rElec    .         Reflect  .   (no cloak)
rCorr    .         Harm     .   D - +0 pair of gloves
MR       +....                  j - +0 pair of boots
Stlth    ..........             (no amulet)
HPRegen  0.00/turn              y - +1 ring of evasion
MPRegen  0.09/turn              v - +1 ring of evasion

@: non-regenerating
A: damage resistance, heal wounds, sense surroundings 1, no regeneration
a: Heal Wounds, Renounce Religion


You were on level 6 of the Dungeon.
You worshipped Makhleb.
Makhleb was aware of your devotion.
You were hungry.

You visited 1 branch of the dungeon, and saw 6 of its levels.

You collected 291 gold pieces.

Inventory:

Hand Weapons
 a - a +0 war axe
 x - a +3 hand axe (weapon)
Missiles
 F - 18 poisoned darts (quivered)
Armour
 b - a +0 scale mail (worn)
 c - a +0 shield (worn)
 j - a +0 pair of boots (worn)
 D - a +0 pair of gloves (worn)
Jewellery
 k - an uncursed ring of flight
 v - a +1 ring of evasion (right hand)
 y - a +1 ring of evasion (left hand)
 B - an uncursed ring of positive energy
 E - an uncursed ring of ice
Scrolls
 e - 2 scrolls of fear {unknown}
 g - 3 scrolls of teleportation {unknown}
 l - 4 scrolls of blinking {unknown}
 n - a scroll of immolation {unknown}
 o - 3 scrolls of amnesia {unknown}
 p - 9 scrolls of remove curse {unknown}
 w - 6 scrolls of identify {unknown}
 G - a scroll of fog {unknown}
Potions
 d - a potion of might
 h - a potion of ambrosia {unknown}
 i - a potion of degeneration {unknown}
 m - a potion of agility {unknown}
 q - 2 potions of invisibility {unknown}
 r - 2 potions of brilliance {unknown}
 s - a potion of heal wounds {unknown}
 t - 2 potions of curing {unknown}
 u - a potion of haste {unknown}
 z - 2 potions of resistance {unknown}
 A - a potion of berserk rage {unknown}
Comestibles
 f - 11 rations
 H - 3 chunks of flesh


   Skills:
 - Level 6.0 Fighting
 - Level 10.0 Axes
 - Level 3.2 Armour
 - Level 3.2 Shields
 + Level 3.2 Invocations


You had 7 spell levels left.
You didn't know any spells.
Your spell library was empty.

Dungeon Overview and Level Annotations

Branches:
Dungeon (6/15)             Temple (0/1) D:6

Altars:
Fedhas
Kikubaaqudgha
Makhleb
The Shining One

Shops:
D:4 [

Annotations:
D:2 1 runed translucent door, Crazy Yiuf, Sigmund


Innate Abilities, Weirdness & Mutations

You are resistant to damage.
You can heal yourself by infusing magical energy.
You passively map a small area around you.
You do not regenerate.


Message History

You hit the gargoyle.
The gargoyle is almost destroyed.
You hit the gargoyle but do no damage.
The gargoyle is almost destroyed.
The gargoyle barely misses you.
You barely miss the gargoyle.
The gargoyle is severely damaged.
The gargoyle hurls a stone arrow at you.
The stone arrow hits you!
You are feeling hungry.
You hit the gargoyle but do no damage.
The gargoyle is severely damaged.
The gargoyle hurls a stone arrow at you.
The stone arrow hits you!!
* * * LOW HITPOINT WARNING * * *
You hit the gargoyle.
The gargoyle is almost destroyed.
The gargoyle hurls a stone arrow at you.
The stone arrow hits you!!
You die...

#######...........
#........###
########.####
#...# #.# ## #.
#..# #.# *.#. *
#..# #.# ##..
*.##..##.#
#..##...##..#.#
#..@9.[..##...#
#..##...##..###
##..##.##..##
#.#..###..#.#
##.#..#..#)##
#.#)#...#.#.#
#############


You could see a gargoyle.

Vanquished Creatures
  A black bear (D:6)
  An ice beast (D:4)
  An orc warrior (D:6)
  A necrophage (D:5)
  4 centaurs
  2 bullfrogs (D:6)
  3 scorpions
  3 howler monkeys
  2 centaur zombies (D:5)
  2 bullfrog zombies (D:5)
  A bullfrog skeleton (D:5)
  Natasha (thrice) (D:2)
  3 worker ants
  A hound skeleton (D:5)
  5 gnolls
  10 adders
  A shadow imp (D:6)
  An adder zombie (D:5)
  2 adder skeletons (D:5)
  A worm (D:4)
  3 dart slugs
  4 leopard geckos
  4 orcs (D:3)
  2 ball pythons
  A bat zombie (D:5)
  A giant cockroach (D:6)
  4 goblins
  4 hobgoblins
  13 jackals
  3 quokkas
  7 bats
  5 frilled lizards
  A giant cockroach zombie (D:5)
  2 jackal zombies (D:5)
  2 kobolds (D:1)
  A leopard gecko zombie (D:6)
  7 rats
112 creatures vanquished.

Notes
Turn   | Place    | Note
-------+----------+-------------------------------------------
     0 | D:1      | vegansnacktivist the Deep Dwarf Fighter began the quest for
                  | the Orb.
     0 | D:1      | Reached XP level 1. HP: 20/20 MP: 1/1
   150 | D:1      | Reached skill level 3 in Axes
   151 | D:1      | Reached XP level 2. HP: 22/27 MP: 2/2
   709 | D:2      | Reached XP level 3. HP: 24/33 MP: 3/3
   804 | D:2      | Reached skill level 4 in Axes
   854 | D:2      | Noticed Natasha
   866 | D:2      | Killed Natasha
   866 | D:2      | Reached XP level 4. HP: 17/40 MP: 4/4
  1000 | D:2      | Reached skill level 5 in Axes
  1055 | D:2      | Found a runed translucent door.
  1055 | D:2      | Noticed Sigmund
  1055 | D:2      | Noticed Crazy Yiuf
  1139 | D:2      | Noticed Natasha
  1147 | D:2      | Killed Natasha
  1216 | D:2      | Noticed Natasha
  1227 | D:2      | Killed Natasha
  1227 | D:2      | Reached XP level 5. HP: 13/46 MP: 5/5
  1321 | D:3      | Reached skill level 6 in Axes
  1600 | D:3      | You fall into a shaft and drop 3 floors!
  1603 | D:6      | Noticed a black bear
  1608 | D:5      | Entered Level 5 of the Dungeon
  1617 | D:5      | Reached skill level 7 in Axes
  1617 | D:5      | Reached XP level 6. HP: 40/55 MP: 5/5
  1695 | D:5      | Reached skill level 8 in Axes
  1713 | D:5      | Noticed an ice beast
  1739 | D:4      | Killed an ice beast
  1739 | D:4      | Reached XP level 7. HP: 44/61 MP: 5/5
  1752 | D:4      | Found a blossoming altar of Fedhas.
  1886 | D:4      | Reached skill level 9 in Axes
  1926 | D:4      | Found a glowing golden altar of the Shining One.
  2135 | D:4      | Found Hejokhle's Antique Armour Shoppe.
  2175 | D:4      | Found a burning altar of Makhleb.
  2228 | D:4      | Became a worshipper of Makhleb the Destroyer
  2968 | D:5      | Reached skill level 10 in Axes
  3159 | D:5      | Reached XP level 8. HP: 18/69 MP: 6/6
  3240 | D:5      | Found an ancient bone altar of Kikubaaqudgha.
  3388 | D:6      | Found a staircase to the Ecumenical Temple.
  3410 | D:6      | Reached skill level 5 in Fighting
  3685 | D:6      | Reached * piety under Makhleb
  3891 | D:6      | Noticed a gargoyle
  3901 | D:6      | HP: 1/76 [gargoyle/stone arrow (20)]
  3926 | D:6      | Killed from afar by a gargoyle

Levels and vault maps discovered:
D:1:      lemuel_arrival_tunnels, layout_basic, serial_park_tiny_1,
          minmay_strange_pillars
D:2:      layout_rooms, uniq_crazy_yiuf_cottage, uniq_natasha, uniq_sigmund
D:3:      layout_basic, first_ration, small_statue_intersection
D:4:      layout_basic, bloody_makhleb, nicolae_overflow_hidden_temple,
          lemuel_doored_altar, serial_shops, kennysheep_mini_moat
D:5:      layout_rooms, lemuel_zombie_altar_kikubaaqudgha, serial_undead,
          serial_undead_b, serial_undead_d, serial_undead_b, serial_undead_e,
          serial_undead_f
D:6:      minmay_diamond_boxcup, layout_basic, minmay_temple_entry_waves

Skill      XL: |  1  2  3  4  5  6  7  8 |
---------------+-------------------------+-----
Axes           | 3 4 5 7 8 10 | 10.0
Fighting       | 3 6 |  6.0
Invocations    | 3 |  3.2
Armour         | |  3.2
Shields        | |  3.2

Action                   |  1- 3 |  4- 6 |  7- 9 || total
-------------------------+-------+-------+-------++-------
Melee: War axe           |    90 |   116 |       ||   206
       Hand axe          |       |    59 |   227 ||   286
Throw: Throwing net      |       |       |     2 ||     2
 Abil: Heal Wounds       |       |     4 |    12 ||    16
 Stab: Held in net/web   |       |       |     2 ||     2
  Eat: Chunk             |       |     3 |     7 ||    10
Armor: Scale mail        |    57 |    87 |    66 ||   210
Dodge: Dodged            |    47 |    55 |    82 ||   184
Block: Shield            |    61 |   105 |   110 ||   276

Table legend:
 A = Non-vault XP
 B = Vault XP
 C = Vault XP percentage of total XP
 D = Non-vault monster count
 E = Vault monster count
 F = Vault count percentage of total count
                 A         B        C        D         E       F
            +---------+---------+-------+---------+---------+-------
      Total |    1895 |     437 |  18.7 |      96 |      16 |  14.3
            +---------+---------+-------+---------+---------+-------
        D:1 |      30 |       0 |   0.0 |      18 |       0 |   0.0
        D:2 |     138 |      35 |  20.2 |      19 |       1 |   5.0
        D:3 |      71 |       0 |   0.0 |      17 |       0 |   0.0
        D:4 |     571 |       0 |   0.0 |      15 |       0 |   0.0
        D:5 |     510 |     226 |  30.7 |      15 |      12 |  44.4
        D:6 |     575 |     176 |  23.4 |      12 |       3 |  20.0
            +---------+---------+-------+---------+---------+-------
